 Dungeon Crawl Stone Soup version 0.18-a0-943-g2c08dd4 (webtiles) character file.

518 HaroldButt the Grappler (level 7, 49/55 HPs)
             Began as a Minotaur Transmuter on Nov 26, 2015.
             Quit the game on level 4 of the Dungeon on Apr 15, 2016.
             The game lasted 00:10:45 (4373 turns).

HaroldButt the Grappler (Minotaur Transmuter)       Turns: 4373, Time: 00:10:46

Health: 49/55      AC: 11    Str: 15    XL:     7   Next: 1%
Magic:  8/8        EV: 11    Int: 14    God:
Gold:   8          SH:  0    Dex: 12    Spells: 2 memorised, 5 levels left

rFire  . . .     SeeInvis .       - Unarmed
rCold  . . .     Gourm    .     t - +5 ring mail "Juymiq" {Int+4 Slay+3}
rNeg   . . .     Faith    .     (no shield)
rPois  .         Spirit   .     (helmet restricted)
rElec  .         Dismiss  .     l - +0 cloak
rCorr  .         Reflect  .     (no gloves)
SustAt .         Harm     .     (no boots)
MR     .....                    (no amulet)
Stlth  +.........               (no ring)
                                (no ring)

@: not resistant to hostile enchantments, very unstealthy
A: retaliatory headbutt, horns 2
a: no special abilities


You were on level 4 of the Dungeon.
You were not hungry.

You visited 1 branch of the dungeon, and saw 4 of its levels.

You collected 206 gold pieces.
You spent 198 gold pieces at shops.

Inventory:

Hand Weapons
 p - a +0 blowgun
Missiles
 a - 34 arrows
 h - 175 stones (quivered)
 j - 2 throwing nets
 r - 8 poisoned needles
Armour
 l - a +0 cloak (worn)
 t - the +5 ring mail "Juymiq" (worn) {Int+4 Slay+3}
   (You bought it in a shop on level 4 of the Dungeon)

   It affects your intelligence (+4).
   It affects your accuracy and damage with ranged weapons and melee attacks
   (+3).
Jewellery
 s - an uncursed ring of fire
Scrolls
 k - 6 scrolls of identify
 m - 2 scrolls of recharging
 o - 2 scrolls of remove curse
 q - a scroll of magic mapping {unknown}
Potions
 e - 5 potions of haste
 n - a potion of resistance {unknown}
 u - a potion of degeneration {unknown}
Books
 c - a book of Changes

   Spells                             Type                      Level
   a - Beastly Appendage              Transmutation                1
   b - Sticks to Snakes               Transmutation                2
   c - Spider Form                    Transmutation/Poison         3
   d - Ice Form                       Ice/Transmutation            4
   e - Blade Hands                    Transmutation                5
Comestibles
 b - a chunk of flesh
 d - 5 bread rations
 f - 3 meat rations
 g - a beef jerky
 i - 2 royal jellies


   Skills:
 + Level 2.2 Fighting
 + Level 1.3 Armour
 + Level 3.0 Dodging
 - Level 8.1 Unarmed Combat
 - Level 1.3 Spellcasting
 - Level 1.5 Transmutations


You had 5 spell levels left.
You knew the following spells:

 Your Spells              Type           Power        Failure   Level  Hunger
a - Beastly Appendage     Trmt           #.....       30%         1    ##.....
b - Sticks to Snakes      Trmt           #.......     45%         2    ###....


Dungeon Overview and Level Annotations

Branches:
Dungeon (4/15)
 Temple: D:4-7

Altars:
Trog
Vehumet

Shops:
D:4 [


Innate Abilities, Weirdness & Mutations

You reflexively headbutt those who attack you in melee.
You have a pair of horns on your head.


Message History

You hit the scorpion.
You kill the scorpion!
Your Armour skill increases to level 1!
Your Dodging skill increases to level 3!
You have reached level 7!
There is an open door here.
There is a bloodstained altar of Trog here.
Saving game... please wait.
Welcome back, HaroldButt the Minotaur Transmuter.
Press ? for a list of commands and other information.
Sorry, you're not good enough to have a special ability.
Cast which spell? (? or * to list)
Okay, then.
There is an open door here.
There is a bloodstained altar of Trog here.
You are not religious.
Saving game... please wait.
Welcome back, HaroldButt the Minotaur Transmuter.
Press ? for a list of commands and other information.
Are you sure you want to abandon this character and quit the game? (Confirm with "yes".)

##.##.....#P##
.........#### ......$...
###.#.......## #.........
#..#####...# # #.........
##..#####.####.#.........
##.....##...#.#.........
##[.......≈≈≈≈≈........
#....†....≈###†........
#..........'@'........#
#....(....≈###≈####.###
##........≈≈≈≈≈#
#....##...##... .
#...############. ..
.>.#[ .. #####... .. ##..
###


There were no monsters in sight!

Vanquished Creatures
  4 scorpions (D:4)
  A hound (D:4)
  Ijyb (D:2)
  An orc wizard (D:3)
  An orc priest (D:4)
  8 adders
  Natasha (D:2)
  4 gnolls (D:2)
  A shadow imp (D:3)
  An ooze (D:1)
  7 orcs
  2 ball pythons
  11 bats
  9 goblins
  6 hobgoblins
  4 giant cockroaches
  2 giant geckos (D:1)
  A giant gecko skeleton (D:4)
  12 giant newts
  9 kobolds
  4 rats
  2 fungi (D:4)
92 creatures vanquished.

Vanquished Creatures (others)
  Natasha (twice) (D:2)
  An adder (D:2)
  A goblin (D:2)
  3 fungi (D:4)
7 creatures vanquished.

Grand Total: 99 creatures vanquished

Notes
Turn   | Place    | Note
--------------------------------------------------------------
     0 | D:1      | HaroldButt the Minotaur Transmuter began the quest for the Orb.
     0 | D:1      | Reached XP level 1. HP: 16/16 MP: 1/1
   238 | D:1      | Reached XP level 2. HP: 23/23 MP: 3/3
   252 | D:1      | Reached skill level 4 in Unarmed Combat
  1072 | D:2      | Killed Natasha
  1185 | D:2      | Reached XP level 3. HP: 21/28 MP: 4/4
  1337 | D:2      | Noticed Natasha
  1345 | D:2      | Killed Natasha
  1346 | D:2      | Noticed Ijyb
  1346 | D:2      | Killed Natasha
  1365 | D:2      | Killed Ijyb
  1365 | D:2      | Reached skill level 5 in Unarmed Combat
  1365 | D:2      | Reached XP level 4. HP: 11/35 MP: 5/5
  1369 | D:2      | Learned a level 2 spell: Sticks to Snakes
  2041 | D:3      | Reached skill level 6 in Unarmed Combat
  2166 | D:3      | Reached XP level 5. HP: 34/40 MP: 6/6
  3019 | D:2      | Found a radiant altar of Vehumet.
  3349 | D:2      | Reached skill level 7 in Unarmed Combat
  3873 | D:4      | Upgraded the game from 0.18-a0-270-ga9d907f to 0.18-a0-327-gb1de508
  3913 | D:4      | Reached XP level 6. HP: 45/47 MP: 7/7
  3975 | D:4      | Found Toruzopp's Antique Armour Shoppe.
  4063 | D:4      | Bought a bloodstained ring mail for 198 gold pieces
  4074 | D:4      | Identified the +5 ring mail "Juymiq" {Int+4 Slay+3} (You bought it in a shop on level 4 of the Dungeon)
  4176 | D:4      | Reached skill level 8 in Unarmed Combat
  4356 | D:4      | Found a bloodstained altar of Trog.
  4366 | D:4      | Reached skill level 1 in Armour
  4366 | D:4      | Reached XP level 7. HP: 48/55 MP: 8/8
  4370 | D:4      | Upgraded the game from 0.18-a0-327-gb1de508 to 0.18-a0-943-g2c08dd4
  4373 | D:4      | Quit the game

Vault maps used:
D:1:      tarquinn_simple_flora_water_e
D:2:      fiery_altar_vehumet, uniq_natasha, uniq_iyjb
D:3:      kennysheep_generic_room_9
D:4:      old_forge, kennysheep_mini_moat, first_bread, serial_shops,
          shop_fountains

Action                   |  1- 3 |  4- 6 |  7- 9 || total
-------------------------+-------+-------+-------++-------
Melee: Unarmed           |    80 |   217 |       ||   297
  Use: Scroll            |       |     4 |       ||     4
 Stab: Sleeping          |     1 |       |       ||     1
  Eat: Chunk             |     1 |    10 |       ||    11
